 Dungeon Crawl Stone Soup version 0.23.2-40-g277498a001 (webtiles) character file.

Game seed: 16322099334243435339

119244 tsuna12 the Impregnable (level 16, -3/223 HPs)
             Began as a Minotaur Berserker on Oct 16, 2019.
             Was a High Priest of Trog.
             Slain by an orc warrior
             ... wielding a +0 halberd
              (10 damage)
             ... on level 2 of the Orcish Mines on Oct 20, 2019.
             The game lasted 02:57:29 (31681 turns).

tsuna12 the Impregnable (Minotaur Berserker)       Turns: 31681, Time: 02:57:30

Health: -3/223     AC: 41    Str: 39    XL:     16   Next: 27%
Magic:  0/16       EV: 11    Int:  1    God:    Trog [*****.]
Gold:   1520       SH:  6    Dex: 12    Spells: 15/15 levels left

rFire    . . .     SeeInvis .   H - +11 dagger of Xopsux {pierce, rElec rPois Str+6 Int-2 Dex-2}
rCold    . . .     Gourm    .   u - +0 buckler
rNeg     + . .     Faith    .   n - +8 plate armour "Raloeg" {+Inv Regen+}
rPois    +         Spirit   +   (helmet restricted)
rElec    +         Reflect  .   q - +2 ratskin cloak {+Rats rPois rN+ Str-1 Int-1 Dex+1}
rCorr    .         Harm     .   L - +2 pair of gloves {Str+3}
MR       ++++.     Rnd*Tele +   C - +1 pair of boots
Stlth    ..........             a - amulet of guardian spirit
HPRegen  1.87/turn              e - +2 ring of slaying
MPRegen  0.15/turn              P - ring of protection from magic

@: berserking (expiring), regenerating, very quick
A: retaliatory headbutt, horns 2, molten scales 1, teleportitis 1, evolution 1
a: Berserk, Trog's Hand, Brothers in Arms, Renounce Religion, Evoke Ratskin,
Evoke Invisibility


You were on level 2 of the Orcish Mines.
You worshipped Trog.
Trog was extremely pleased with you.
You were very hungry.

You visited 4 branches of the dungeon, and saw 25 of its levels.

You collected 1767 gold pieces.
You spent 247 gold pieces at shops.

Inventory:

Hand Weapons
 w - the +6 shillelagh "Devastator" {shatter}
   (You found it on level 4 of the Dungeon)
 H - the +11 dagger of Xopsux (weapon) {pierce, rElec rPois Str+6 Int-2 Dex-2}
   (You found it on level 5 of the Dungeon)

   It inflicts extra damage upon your enemies.
   It affects your strength (+6).
   It affects your intelligence (-2).
   It affects your dexterity (-2).
   It insulates you from electricity.
   It protects you from poison.
 K - a +8 vampiric trident
 W - a +5 halberd of freezing
Missiles
 Y - 4 javelins of penetration (quivered)
Armour
 n - the +8 plate armour "Raloeg" (worn) {+Inv Regen+}
   (You found it on level 3 of the Lair of Beasts)

   It lets you turn invisible.
   It increases your rate of regeneration.
 q - the +2 ratskin cloak (worn) {+Rats rPois rN+ Str-1 Int-1 Dex+1}
   (You found it on level 5 of the Dungeon)

   It affects your strength (-1).
   It affects your intelligence (-1).
   It affects your dexterity (+1).
   It protects you from poison.
   It protects you from negative energy.
 u - a +0 buckler (worn)
 C - a +1 pair of boots (worn)
 L - a +2 pair of gloves of strength (worn)
 Q - a +1 crystal plate armour
Jewellery
 a - an amulet of guardian spirit (around neck)
 d - an uncursed amulet of the gourmand
 e - a +2 ring of slaying (left hand)
 v - an uncursed ring of see invisible
 M - a +2 ring of dexterity {unknown}
 P - a ring of protection from magic (right hand)
 T - a cursed ring of attention {unknown}
Wands
 z - a wand of iceblast (13)
 B - a wand of random effects (32)
 E - a wand of flame (62)
 I - a wand of enslavement (14)
 O - a wand of paralysis (9)
Scrolls
 g - a scroll of random uselessness {unknown}
 i - 8 scrolls of teleportation
 k - 5 scrolls of remove curse
 p - 4 scrolls of fear
 s - 5 scrolls of magic mapping
 y - a scroll of acquirement {unknown}
 A - 6 scrolls of amnesia
 D - 2 scrolls of fog
 F - 7 scrolls of identify
 G - a scroll of enchant weapon
 J - a scroll of holy word
 N - 2 scrolls of blinking
 S - a scroll of enchant armour
 V - a scroll of summoning
Potions
 b - 2 potions of might
 f - a potion of flight
 h - a potion of heal wounds
 j - 2 potions of haste
 m - a potion of brilliance
 o - 4 potions of magic
 t - 5 potions of curing
 U - a potion of invisibility
Miscellaneous
 l - a fan of gales
 r - a sack of spiders
 R - a fan of gales
 Z - a crystal ball of energy
Comestibles
 c - 17 rations
 x - 5 chunks of flesh


   Skills:
 + Level 15.1 Fighting
 - Level 10.0 Short Blades
   Level 5.0(8.3) Axes
 - Level 10.3(11.0) Polearms
   Level 3.5(7.5) Staves
 - Level 4.4 Throwing
 * Level 22.8 Armour
 + Level 3.8 Dodging
 * Level 9.6 Shields
 * Level 2.0 Evocations


You had 15 spell levels left.
You didn't know any spells.
Your spell library contained the following spells:

 Spells                   Type           Power        Failure   Level  Hunger
 Apportation              Tloc           #.....       88%         1    ##.....
 Beastly Appendage        Tmut           #.....       88%         1    ##.....
 Flame Tongue             Conj/Fire      #....        88%         1    ##.....
 Sticks to Snakes         Tmut           #.......     95%         2    ###....
 Throw Flame              Conj/Fire      #.....       95%         2    ###....
 Conjure Flame            Conj/Fire      #.......     99%         3    ####...
 Inner Flame              Hex/Fire       #.......     99%         3    ####...
 Spider Form              Tmut/Pois      #.........   99%         3    ####...
 Teleport Other           Tloc           #.......     99%         3    ####...
 Force Lance              Conj/Tloc      #.......     100%        4    #####..
 Ice Form                 Ice/Tmut       #.......     100%        4    #####..
 Leda's Liquefaction      Hex/Erth       #.........   100%        4    #####..
 Passage of Golubria      Tloc           N/A          100%        4    #####..
 Sticky Flame             Conj/Fire      #.......     100%        4    #####..
 Blade Hands              Tmut           #.........   100%        5    ######.
 Bolt of Magma            Conj/Fire/Erth #.........   100%        5    ######.
 Fireball                 Conj/Fire      #.........   100%        5    ######.
 Iron Shot                Conj/Erth      #.........   100%        6    #######
 Statue Form              Tmut/Erth      #........    100%        6    #######
 Disjunction              Tloc           #.........   100%        8    #######
 Shatter                  Erth           #.........   100%        9    #######


Dungeon Overview and Level Annotations

Branches:
Dungeon (15/15)            Temple (0/1) D:6            Lair (6/6) D:10
  Swamp (0/4) Lair:4        Snake (0/4) Lair:2        Slime (0/5) Lair:5
    Orc (2/2) D:12         Vaults (0/5) D:13         Depths (2/5) D:15
    Elf: Orc:2

Altars:
Cheibriados
Dithmenos
Fedhas
Kikubaaqudgha
Makhleb
Qazlal
Trog
Wu Jian
Xom
The Shining One
Jiyva

Shops:
D:6 [   D:12 }   Orc:1 %

Portals:
Hell: Depths:1
Abyss: Depths:1
Pandemonium: Depths:1

Annotations:
Lair:3 2 transporters, infcreate's ghost, journeyman MiBe


Innate Abilities, Weirdness & Mutations

You reflexively headbutt those who attack you in melee.
You have a pair of horns on your head.
You are partially covered in molten scales. (AC +2)
You are occasionally teleported next to monsters.
You evolve.


Message History

The orc warrior hits you but does no damage.
The orc warrior hits you from afar with a +0 halberd!!
* * * LOW HITPOINT WARNING * * *
You puncture the orc knight!
The orc knight is severely wounded.
The orc warrior hits you from afar with a +0 trident!!
* * * LOW HITPOINT WARNING * * *
You are too berserk!
You are too berserk!
You are too berserk!
Eat one of 6 chunks of flesh? (ye/n/q)
You eat one of the 6 chunks of flesh.
This raw flesh tastes terrible.
You are feeling very hungry.
The orc warrior no longer looks unusually strong.
You block the orc warrior's attack.
You impale the orc knight!!
You kill the orc knight!
Trog accepts your kill.
The orc warrior hits you from afar with a +0 halberd!
You die...

....).# # ....... #.
..).)## ##.#..... ..
..<.## ##
#.......####.. .(.##
##.# .#........#....
[.## #...#
............... .##
#.#.# ...............
## #...#
..........))... #
#...###...$...))).#.#
#.)@###..#..........
##)))###.##.........
##ooo## #........#
##4#o# ##........
.§oo4.# #.....#..
#o#3....# #.$......
#o.§....## .......$.
#44 #.#.## #.. ...##


You could see a hellwing, an ice devil, a smoke demon, 2 orc sorcerers and 4 orc
warriors.

Vanquished Creatures
  A tengu reaver (Depths:1)
  A frost giant (Depths:1)
  5 very ugly things (Depths:1)
  A stone giant (Depths:2)
  Snorg (Lair:6)
  An ettin (Depths:2)
  Josephine (D:14)
  A fire dragon (shapeshifter) (Depths:2)
  2 yaktaur captains
  A deep elf high priest (Depths:1)
  A fire dragon (Depths:1)
  An ogre mage (Orc:2)
  An ice dragon (Depths:1)
  5 hydras
  A rakshasa (Depths:1)
  8 two-headed ogres
  4 centaur warriors
  2 tengu warriors (D:13)
  2 deep troll earth magi (Depths:1)
  3 deep troll shamans
  5 hell knights (Depths:1)
  Urug (Lair:5)
  A sun demon (Orc:2)
  Nergalle (D:11)
  14 skeletal warriors
  2 unseen horrors
  4 deep trolls (Depths:2)
  A lindwurm (Lair:1)
  A wolf spider zombie (D:13)
  2 deep elf magi
  2 necromancers (Depths:1)
  4 ugly things
  A harpy (shapeshifter) (Depths:1)
  2 orc sorcerers (Orc:2)
  3 orc knights
  4 cyclopes
  2 large abominations (Depths:1)
  2 manticores
  5 black mambas
  An elephant (shapeshifter) (Depths:1)
  7 elephants
  8 slime creatures
  The ghost of RaHiT the Magician, a novice DgSu (D:7)
  A gargoyle (D:9)
  8 spiny frogs
  2 freezing wraiths (D:13)
  A kobold demonologist (D:8)
  4 komodo dragons
  A yaktaur (D:15)
  3 tengu conjurers
  A queen bee (D:8)
  10 trolls
  10 polar bears
  A tyrant leech (Lair:4)
  16 blink frogs
  4 hornets
  10 hippogriffs
  7 dream sheep (Lair:6)
  Sigmund (D:3)
  14 spriggans (Lair:6)
  46 yaks
  A wyvern (D:13)
  3 vampires
  6 wraiths
  3 basilisks
  5 hungry ghosts
  Grum (Lair:1)
  5 vampire mosquitoes
  A swamp worm (Lair:4)
  3 nagas (Lair:2)
  A soldier ant (D:13)
  12 porcupines
  15 water moccasins
  8 ice beasts
  15 orc warriors
  A hornet zombie (D:9)
  Duvessa (D:5)
  A black bear (D:10)
  An eye of draining (D:13)
  4 phantoms
  3 sky beasts
  5 boggarts
  8 ogres
  28 wolves
  5 centaurs
  19 big kobolds
  10 crocodiles
  A gnoll sergeant (D:6)
  24 bullfrogs
  Dowan (D:5)
  3 wyvern skeletons
  4 scorpions
  2 small abominations (Depths:1)
  31 killer bees
  7 electric eels
  A howler monkey (D:4)
  9 wights
  6 bullfrog zombies
  2 centaur zombies (D:7)
  3 crimson imps
  3 jellies
  2 quasits
  A gnoll shaman (D:4)
  10 hounds
  11 orc priests
  Crazy Yiuf (D:4)
  7 centaur skeletons
  3 bullfrog skeletons
  Jessica (D:3)
  Natasha (thrice) (D:3)
  5 iguanas
  16 orc wizards
  12 worker ants
  A killer bee zombie (D:8)
  3 hound skeletons
  3 hound zombies
  Robin (D:2)
  A worker ant zombie (D:7)
  15 gnolls
  17 adders
  A river rat (D:6)
  2 shadow imps
  5 oozes
  4 worms
  2 adder skeletons
  3 dart slugs
  3 leopard geckos
  75 orcs
  4 ball pythons
  8 bats
  4 giant cockroaches
  13 goblins
  12 hobgoblins
  17 jackals
  4 quokkas
  3 frilled lizards
  A giant cockroach zombie (D:5)
  A jackal skeleton (D:4)
  33 kobolds
  A leopard gecko zombie (D:8)
  A quokka zombie (D:5)
  9 rats
  2 fungi (D:10)
  5 plants
845 creatures vanquished.

Vanquished Creatures (collateral kills)
  A frost giant (Depths:1)
  An ogre mage (Depths:1)
  3 death knights
  3 two-headed ogres (Depths:1)
  2 unseen horrors (Depths:1)
  A skeletal warrior (D:13)
  6 ugly things (D:15)
  An elephant (Lair:6)
  A hellwing (Orc:2)
  A blink frog (Lair:4)
  2 dream sheep (Lair:6)
  6 large abominations (Depths:1)
  2 yaks (Lair:4)
  A wraith (D:12)
  2 chaos spawn (Depths:1)
  An acid dragon (D:14)
  An ogre (Depths:1)
  A gnoll sergeant (D:7)
  A small abomination (Depths:1)
  A worker ant (D:7)
  A gnoll (D:7)
  An orc (D:13)
40 creatures vanquished.

Vanquished Creatures (others)
  A centaur skeleton (D:5)
  A jelly (D:11)
  An orc (D:12)
  11 fungi
  26 plants
40 creatures vanquished.

Grand Total: 925 creatures vanquished

Notes
Turn   | Place    | Note
-------+----------+-------------------------------------------
     0 | D:1      | tsuna12 the Minotaur Berserker began the quest for the Orb.
     0 | D:1      | Reached XP level 1. HP: 19/19 MP: 0/0
   301 | D:1      | Reached XP level 2. HP: 19/27 MP: 1/1
  1102 | D:1      | Reached XP level 3. HP: 34/34 MP: 2/2
  1453 | D:2      | Reached XP level 4. HP: 40/41 MP: 3/3
  1488 | D:2      | Reached ** piety under Trog
  1488 | D:2      | Reached skill level 5 in Axes
  2053 | D:2      | Noticed Robin
  2055 | D:2      | Reached skill level 3 in Armour
  2063 | D:2      | Reached skill level 1 in Polearms
  2070 | D:2      | Killed Robin
  2076 | D:2      | Reached XP level 5. HP: 39/47 MP: 4/4
  2150 | D:2      | Found an ornate altar of the Wu Jian Council.
  2465 | D:3      | Found a shadowy altar of Dithmenos.
  2509 | D:3      | Noticed Jessica
  2525 | D:3      | Noticed Sigmund
  2529 | D:3      | Killed Jessica
  2529 | D:3      | Reached *** piety under Trog
  2529 | D:3      | Noticed Natasha
  2564 | D:4      | Reached skill level 5 in Fighting
  2564 | D:4      | Reached skill level 4 in Armour
  2564 | D:4      | Reached skill level 1 in Shields
  2564 | D:4      | Reached XP level 6. HP: 24/56 MP: 5/5
  3317 | D:4      | Reached XP level 7. HP: 37/62 MP: 6/6
  3674 | D:4      | Reached skill level 5 in Armour
  3675 | D:4      | Reached skill level 5 in Polearms
  3736 | D:4      | Reached skill level 6 in Armour
  4257 | D:4      | Found a stormy altar of Qazlal.
  4291 | D:4      | Found the +6 shillelagh "Devastator" {shatter}
  4305 | D:4      | Found a runed translucent door.
  4306 | D:4      | Noticed Crazy Yiuf
  4314 | D:4      | Killed Crazy Yiuf
  4904 | D:3      | Killed Natasha
  4992 | D:3      | Killed Sigmund
  4992 | D:3      | Reached skill level 1 in Staves
  4992 | D:3      | Reached XP level 8. HP: 63/70 MP: 7/7
  5233 | D:3      | Noticed Natasha
  5236 | D:3      | Killed Natasha
  5292 | D:3      | Noticed Natasha
  5296 | D:3      | Killed Natasha
  5296 | D:3      | Reached skill level 7 in Armour
  5322 | D:5      | Entered Level 5 of the Dungeon
  5540 | D:5      | Noticed Duvessa
  5541 | D:5      | Noticed Dowan
  5547 | D:5      | Killed Duvessa
  5547 | D:5      | Reached skill level 8 in Armour
  5561 | D:5      | Reached **** piety under Trog
  5567 | D:5      | Killed Dowan
  5896 | D:5      | Found a snail-covered altar of Cheibriados.
  5968 | D:5      | Reached skill level 9 in Armour
  5995 | D:5      | Got a slimy dagger
  5996 | D:5      | Identified the +11 dagger of Xopsux {pierce, rElec rPois
                  | Str+6 Int-2 Dex-2} (You found it on level 5 of the Dungeon)
  6219 | D:5      | Found the +2 ratskin cloak {+Rats rPois rN+ Str-1 Int-1
                  | Dex+1}
  6439 | D:6      | Found a staircase to the Ecumenical Temple.
  6447 | D:6      | Reached XP level 9. HP: 74/78 MP: 8/8
  6492 | D:6      | Reached skill level 1 in Short Blades
  6777 | D:6      | Found Uciajuc's Antique Armour Shop.
  6785 | D:6      | Bought a pair of runed gloves for 247 gold pieces
  7497 | D:7      | Reached skill level 10 in Armour
  7593 | D:7      | Found a runed translucent gate.
  7593 | D:7      | Found a runed translucent gate.
  7604 | D:7      | Noticed RaHiT's ghost (novice DgSu)
  7605 | D:7      | Found a runed translucent gate.
  7606 | D:7      | Noticed a cyclops
  7988 | D:7      | Reached skill level 5 in Short Blades
  8061 | D:7      | Found a burning altar of Makhleb.
  8209 | D:7      | Killed RaHiT's ghost
  8218 | D:7      | Killed a cyclops
  8218 | D:7      | Reached XP level 10. HP: 37/88 MP: 9/9
  8797 | D:8      | Found an ancient bone altar of Kikubaaqudgha.
  8901 | D:8      | Reached skill level 11 in Armour
  8926 | D:8      | Reached ***** piety under Trog
  9414 | D:8      | Noticed a rust devil
  9896 | D:9      | Reached XP level 11. HP: 94/94 MP: 4/10
  9973 | D:9      | Noticed a two-headed ogre
  9982 | D:9      | Killed a two-headed ogre
  9982 | D:9      | Reached skill level 12 in Armour
 10066 | D:9      | Reached skill level 10 in Short Blades
 11354 | D:9      | Reached skill level 5 in Shields
 11587 | D:10     | Entered Level 10 of the Dungeon
 11660 | D:10     | Reached skill level 1 in Evocations
 11661 | D:10     | Found a staircase to the Lair.
 11927 | D:10     | Reached skill level 13 in Armour
 12872 | D:11     | Noticed a cyan ugly thing
 12879 | D:11     | Killed a cyan ugly thing
 12894 | D:11     | Noticed Nergalle
 12911 | D:11     | Killed Nergalle
 12911 | D:11     | Reached skill level 14 in Armour
 13201 | D:11     | Reached XP level 12. HP: 62/104 MP: 6/11
 13566 | D:11     | Found a shimmering altar of Xom.
 13921 | D:12     | Found a staircase to the Orcish Mines.
 13959 | D:12     | Reached skill level 15 in Armour
 14565 | D:12     | Found Ofiur's Gadget Emporium.
 14585 | D:12     | Found a stormy altar of Qazlal.
 15211 | D:12     | Noticed a death knight
 15221 | D:12     | Reached skill level 10 in Fighting
 15221 | D:12     | Reached skill level 16 in Armour
 15224 | D:12     | Killed a death knight
 15845 | D:13     | Noticed a death knight
 16491 | D:13     | Noticed a death knight
 16495 | D:13     | Killed a death knight
 16495 | D:13     | Reached skill level 17 in Armour
 16498 | D:13     | Received a gift from Trog
 16544 | D:13     | Reached XP level 13. HP: 114/114 MP: 12/12
 17020 | D:13     | Reached skill level 18 in Armour
 17138 | D:13     | Found a gate to the Vaults.
 17335 | D:13     | Received a gift from Trog
 17354 | D:13     | Found a blossoming altar of Fedhas.
 17714 | D:13     | Reached skill level 1 in Throwing
 18023 | D:14     | Noticed Josephine
 18028 | D:14     | Killed Josephine
 18140 | D:14     | Received a gift from Trog
 18304 | D:14     | Identified the Compendium of the Voyage
 18630 | D:14     | Found a glowing golden altar of the Shining One.
 18785 | D:15     | Entered Level 15 of the Dungeon
 19327 | D:15     | Reached skill level 19 in Armour
 19572 | D:15     | Found a staircase to the Depths.
 19876 | Lair:1   | Entered Level 1 of the Lair of Beasts
 19894 | Lair:1   | Reached XP level 14. HP: 125/125 MP: 13/13
 20315 | Lair:1   | Gained mutation: You evolve. [potion of mutation]
 20315 | Lair:1   | Gained mutation: You are partially covered in molten
                  | scales. (AC +2) [potion of mutation]
 20366 | Lair:1   | Noticed Grum
 20376 | Lair:1   | Killed Grum
 21916 | Lair:2   | Found a staircase to the Snake Pit.
 22025 | Lair:2   | Gained mutation: You are occasionally teleported next to
                  | monsters. [evolution]
 22771 | Lair:3   | Received a gift from Trog
 22899 | Lair:3   | Got a shimmering plate armour
 22914 | Lair:3   | Identified the +8 plate armour "Raloeg" {+Inv Regen+} (You
                  | found it on level 3 of the Lair of Beasts)
 22948 | Lair:3   | Found a transporter.
 23021 | Lair:3   | Found a transporter.
 23026 | Lair:3   | Noticed infcreate's ghost (journeyman MiBe)
 23030 | Lair:3   | Identified the +7 spear of Ravage {venom, rPois rC- Str+6
                  | Stlth+}
 23083 | Lair:3   | Found a bloodstained altar of Trog.
 23084 | Lair:3   | Identified the +3 trident of Perversion {pierce, +Fly rN+
                  | MP+9}
 23253 | Lair:3   | You fall through a shaft!
 23284 | Lair:4   | Reached skill level 20 in Armour
 23788 | Lair:4   | Received a gift from Trog
 24062 | Lair:4   | Found a staircase to the Swamp.
 25115 | Lair:5   | Found a staircase to the Slime Pits.
 25116 | Lair:5   | Found a viscous altar of Jiyva.
 25252 | Lair:5   | Noticed Urug
 25267 | Lair:5   | Killed Urug
 25537 | Lair:6   | Entered Level 6 of the Lair of Beasts
 25597 | Lair:6   | Noticed Snorg
 25607 | Lair:6   | Killed Snorg
 26074 | Lair:6   | Reached XP level 15. HP: 136/136 MP: 14/14
 26263 | Lair:6   | Reached skill level 21 in Armour
 27772 | Depths:1 | Entered Level 1 of the Depths
 27792 | Depths:1 | Found a one-way gate leading to the halls of Pandemonium.
 27793 | Depths:1 | Noticed a frost giant
 27809 | Depths:1 | Killed a frost giant
 27922 | Depths:1 | Found a gateway to Hell.
 28154 | Depths:1 | Found a magical portal.
 28217 | Depths:1 | Noticed a frost giant
 28238 | Depths:1 | Killed a frost giant
 28588 | Depths:1 | Reached skill level 22 in Armour
 28841 | Depths:1 | Found a one-way gate to the infinite horrors of the Abyss.
 29413 | Depths:1 | Noticed a caustic shrike
 29413 | Depths:1 | Noticed an acid blob
 29413 | Depths:1 | a caustic shrike changed into an acid blob
 29421 | Depths:1 | Noticed an iron giant
 29421 | Depths:1 | an acid blob changed into an iron giant
 29430 | Depths:1 | Reached skill level 10 in Polearms
 29449 | Depths:1 | Noticed a golden dragon
 29452 | Depths:1 | Noticed a caustic shrike
 29452 | Depths:1 | a golden dragon changed into a caustic shrike
 29567 | Depths:1 | Noticed a shadow dragon
 29567 | Depths:1 | Noticed an acid blob
 29567 | Depths:1 | a shadow dragon changed into an acid blob
 29569 | Depths:1 | Noticed an iron giant
 29569 | Depths:1 | an acid blob changed into an iron giant
 29570 | Depths:1 | Noticed an acid blob
 29570 | Depths:1 | an iron giant changed into an acid blob
 29582 | Depths:1 | Noticed an iron dragon
 29583 | Depths:1 | Noticed a golden dragon
 29583 | Depths:1 | an iron dragon changed into a golden dragon
 29758 | Depths:1 | Noticed a shadow dragon
 30307 | Depths:2 | Noticed a tengu reaver
 30327 | Depths:1 | Reached XP level 16. HP: 53/147 MP: 7/15
 30806 | Depths:1 | Killed a tengu reaver
 31105 | Orc:1    | Entered Level 1 of the Orcish Mines
 31344 | Orc:1    | Found Lantax's Food Shop.
 31491 | Orc:2    | Entered Level 2 of the Orcish Mines
 31508 | Orc:2    | Received a gift from Trog
 31593 | Orc:2    | Reached skill level 15 in Fighting
 31601 | Orc:2    | Paralysed by an ogre mage for 4 turns
 31679 | Orc:2    | HP: 5/223 [orc warrior/+0 trident (23)]
 31681 | Orc:2    | Slain by an orc warrior

Skill      XL: |  1  2  3  4  5  6  7  8  9 10 11 12 13 14 15 16 |
---------------+-------------------------------------------------+-----
Fighting       | 4 5 6 7 8 9 10 11 13 14 15 | 15.1
Axes           | 4 5 |  5.0
Armour         | 3 4 6 9 10 11 14 17 19 20 22 | 22.8
Polearms       | 1 3 4 5 6 8 10 | 10.3
Shields        | 1 2 3 4 6 8 9 |  9.6
Staves         | 1 3 |  3.5
Dodging        | 3 |  3.8
Short Blades   | 7 9 10 | 10.0
Evocations     | 1 2 |  2.0
Throwing       | 3 4 |  4.4

Action                   |  1- 3 |  4- 6 |  7- 9 | 10-12 | 13-15 | 16-18 || total
-------------------------+-------+-------+-------+-------+-------+-------++-------
Melee: Hand axe          |    53 |    15 |       |       |       |       ||    68
       Headbutt          |     9 |    34 |    59 |   243 |   488 |    48 ||   881
       Spear             |       |   143 |    45 |       |       |       ||   188
       Quarterstaff      |       |       |    81 |       |       |       ||    81
       Dagger            |       |       |   172 |   895 |  1374 |   168 ||  2609
       Trident           |       |       |       |       |    42 |       ||    42
Throw: Javelin           |       |       |       |       |    13 |       ||    13
Invok: Trog's Hand       |       |     1 |     4 |     3 |    11 |     6 ||    25
       Berserk           |       |     1 |     3 |       |       |     2 ||     6
       Brothers in Arms  |       |       |       |     3 |    14 |     2 ||    19
 Abil: Evoke Ratskin     |       |       |     1 |       |       |       ||     1
Evoke: Wand              |       |       |       |     3 |       |     1 ||     4
       Fan of gales      |       |       |       |       |     2 |       ||     2
  Use: Scroll            |     1 |    10 |     6 |     9 |     7 |     2 ||    35
       Potion            |       |       |       |       |    12 |     1 ||    13
  Eat: Chunk             |     2 |     6 |     8 |    10 |    20 |     3 ||    49
       Ration            |       |     1 |     3 |     7 |    12 |     1 ||    24
Armor: Animal skin       |     3 |       |       |       |       |       ||     3
       Chain mail        |    16 |    93 |   168 |    40 |       |       ||   317
       Crystal plate arm |       |       |       |   429 |   307 |       ||   736
       Skin              |       |       |       |       |     3 |       ||     3
       Plate armour      |       |       |       |       |   658 |   147 ||   805
Dodge: Dodged            |    34 |    60 |   117 |   233 |   522 |    86 ||  1052
Block: Buckler           |       |    13 |    27 |   133 |   324 |    55 ||   552
